 Dungeon Crawl Stone Soup version 0.20-a0-833-gc632bec (webtiles) character file.

8682 Amciq the Fighter (level 11, -8/142 HPs)
             Began as a Barachian Berserker on Mar 7, 2017.
             Was an Initiate of Ashenzari.
             Mangled by a polar bear (11 damage)
             ... created by the rage of Trog
             ... on level 8 of the Dungeon.
             The game lasted 00:28:25 (8618 turns).

Amciq the Fighter (Barachian Berserker)             Turns: 8618, Time: 00:28:26

Health: -8/142     AC: 19    Str: 27    XL:     11   Next: 34%
Magic:  13/13      EV:  7    Int: 11    God:    Ashenzari [......]
Gold:   150        SH: 14    Dex: 14    Spells: 10/10 levels left

rFire    x . .     SeeInvis .   d - +9 mace of Xexi {elec, rC- Int+2 Dex+2} (curse)
rCold    . . .     Gourm    .   D - +0 plate armour
rNeg     . . .     Faith    .   l - +0 large shield
rPois    .         Spirit   .   r - +0 helmet
rElec    .         Reflect  .   w - +0 cloak (curse)
rCorr    .         Harm     .   (no gloves)
MR       .....                  k - +0 pair of boots
Stlth    ..........             B - amulet of rage (curse)
Regen    0.4/turn               p - ring of ice
MPRegen  0.2/turn               h - ring of stealth

@: berserking (expiring), very quick
A: +LOS, swims, clever 1, slowness 1, strong legs 1
a: Hop, Curse Item, Renounce Religion, Evoke Berserk Rage


You were on level 8 of the Dungeon.
You worshipped Ashenzari.
Ashenzari was noncommittal.
You were hungry.

You visited 2 branches of the dungeon, and saw 10 of its levels.

You collected 262 gold pieces.
You spent 112 gold pieces at shops.

Inventory:

Hand Weapons
 a - a +1 mace
 d - the cursed +9 mace of Xexi (weapon) {elec, rC- Int+2 Dex+2}
   (You found it on level 6 of the Dungeon)

   Occasionally, upon striking a foe, it will discharge some electrical energy
   and cause terrible harm.
   It affects your intelligence (+2).
   It affects your dexterity (+2).
   It makes you vulnerable to cold.
   It has a curse placed upon it.
Armour
 k - a +0 pair of boots (worn)
 l - a +0 large shield (worn)
 r - a +0 helmet (worn)
 w - a cursed +0 cloak (worn)
 D - a +0 plate armour (worn)
Jewellery
 h - a ring of stealth (left hand)
 p - a ring of ice (right hand)
 B - a cursed amulet of rage (around neck)
Wands
 q - a wand of random effects (41/48)
 G - a wand of polymorph (2/24)
Scrolls
 e - 3 scrolls of recharging
 g - 3 scrolls of teleportation
 j - 2 scrolls of identify
 n - 2 scrolls of magic mapping
 o - a scroll of enchant weapon
 E - a scroll of random uselessness {unknown}
Potions
 b - a potion of lignification
 i - 4 potions of heal wounds
 m - 3 potions of brilliance
 t - a potion of might
 v - a potion of haste
 x - 6 potions of curing
 A - a potion of ambrosia
 C - a potion of flight
 H - a potion of cancellation {unknown}
Miscellaneous
 s - a phantom mirror
Comestibles
 c - 8 bread rations
 f - 5 meat rations
 u - a chunk of flesh
 z - 2 royal jellies
 F - 4 fruits


   Skills:
 * Level 12.1 Fighting
 + Level 8.1 Maces & Flails
 * Level 11.7 Armour
 + Level 7.8 Dodging
 + Level 1.0 Shields
 + Level 3.6 Evocations


You had 10 spell levels left.
You didn't know any spells.

Dungeon Overview and Level Annotations

Branches:
Dungeon (9/15)             Temple (1/1) D:5            Lair (0/6) D:9
    Orc: D:9-12

Altars:
Ashenzari
Cheibriados
Dithmenos
Elyvilon
Fedhas
Gozag
Hepliaklqana
Kikubaaqudgha
Makhleb
Nemelex Xobeh
Okawaru
Qazlal
Ru
Sif Muna
Trog
Uskayaw
Vehumet
Wu Jian
Xom
Yredelemnul
Zin
The Shining One

Shops:
D:6 !

Annotations:
D:9 Prince Ribbit


Innate Abilities, Weirdness & Mutations

Shadows flee at your approach. (+LOS)
You can swim through water.
You cover ground slowly.
You can hop short distances.
Your mind is acute. (Int +2)


Message History

* * * LOW HITPOINT WARNING * * *
The polar bear claws you but does no damage. x2
The ogre rages.
The two-headed ogre hits you but does no damage.
The two-headed ogre barely misses you. You block the polar bear's attack. x2
The polar bear claws you but does no damage.
The polar bear closely misses you.
The polar bear claws you but does no damage. x2
You are too berserk!
You are too berserk!
You bludgeon the two-headed ogre!!
The two-headed ogre is moderately wounded.
You block the two-headed ogre's attack.
The two-headed ogre hits you with a giant club!!
* * * LOW HITPOINT WARNING * * *
The polar bear barely misses you. You block the polar bear's attack.
The polar bear claws you.
* * * LOW HITPOINT WARNING * * *
The polar bear bites you!
You die...

...## ####.#.#..#
........# #........## ...
[..# #.......... .. ...#
#........## # #..#..#
#........'. #=#..#..#
#........## #....#..#
#........#
######..h.######........#
.......OO@##............#
######.h###.##########.#
.........[)#........# #.#
#######..#.#........# #.#
#..#.#........# #.##
##>#.#.######## #...
#.#.#.# #### #.#.#.#
#.#.#.#


You could see a two-headed ogre (berserk), 2 polar bears and an ogre (berserk).

Vanquished Creatures
  The ghost of Kel the Protected, a journeyman BaFi of Hepliaklqana (D:8)
  The ghost of Amciq the Fighter, a journeyman OpBe of Trog (D:9)
  A centaur warrior (D:9)
  3 death yaks (D:9)
  Pikel (D:5)
  A polar bear (D:8)
  Grinder (D:5)
  Sigmund (D:6)
  A wyvern (D:8)
  Eustachio (D:5)
  The ghost of Kel the Skirmisher, an amateur BaFi (D:3)
  A steam dragon (D:9)
  Edmund (D:6)
  Duvessa (D:6)
  2 porcupines (D:9)
  3 sky beasts
  A slave (D:5)
  5 orc warriors
  2 black bears
  An ice beast (D:7)
  3 phantoms
  An ogre (D:7)
  4 bullfrogs
  A big kobold (D:9)
  2 scorpions
  Dowan (D:6)
  A centaur skeleton (D:3)
  A gnoll shaman (D:9)
  8 orc priests
  3 hounds
  Crazy Yiuf (D:6)
  Terence (D:2)
  11 orc wizards
  An iguana (D:7)
  2 hell rats (D:9)
  4 worker ants
  A hound zombie (D:5)
  A worker ant zombie (D:6)
  7 gnolls
  A howler monkey skeleton (D:7)
  A river rat (D:9)
  12 adders
  A shadow imp (D:6)
  An ooze (D:3)
  2 adder zombies
  5 worms
  3 dart slugs
  7 leopard geckos
  32 orcs
  4 giant cockroaches
  6 goblins
  5 hobgoblins
  12 jackals
  6 quokkas
  A ball python (D:1)
  6 bats
  6 frilled lizards
  9 kobolds
  A leopard gecko zombie (D:6)
  2 quokka skeletons
  12 rats
219 creatures vanquished.

Vanquished Creatures (others)
  An orc wizard (D:5)
  A worker ant (D:5)
  An orc (D:5)
  A leopard gecko zombie (D:5)
  A fungus (D:6)
5 creatures vanquished.

Grand Total: 224 creatures vanquished

Notes
Turn   | Place    | Note
-------+----------+-------------------------------------------
     0 | D:1      | Amciq the Barachian Berserker began the quest for the Orb.
     0 | D:1      | Reached XP level 1. HP: 18/18 MP: 1/1
    89 | D:1      | Reached XP level 2. HP: 25/25 MP: 2/2
   153 | D:1      | Reached skill level 4 in Fighting
   489 | D:1      | Reached XP level 3. HP: 30/30 MP: 3/3
   800 | D:1      | Reached ** piety under Trog
  1164 | D:2      | Reached XP level 4. HP: 38/38 MP: 4/4
  1350 | D:2      | Found a shimmering altar of Xom.
  1482 | D:2      | Noticed Terence
  1496 | D:2      | Killed Terence
  1598 | D:2      | Reached XP level 5. HP: 43/43 MP: 5/5
  2138 | D:3      | Noticed Kel's ghost (amateur BaFi)
  2165 | D:3      | Killed Kel's ghost
  2165 | D:3      | Reached skill level 5 in Fighting
  2165 | D:3      | Reached XP level 6. HP: 17/51 MP: 6/6
  2456 | D:3      | Reached skill level 5 in Armour
  3025 | D:4      | Reached *** piety under Trog
  3034 | D:4      | Reached skill level 6 in Fighting
  3210 | D:4      | Reached XP level 7. HP: 53/58 MP: 7/7
  3551 | D:5      | Entered Level 5 of the Dungeon
  3561 | D:5      | Noticed Pikel
  3580 | D:5      | Killed Pikel
  3580 | D:5      | Reached skill level 7 in Fighting
  3580 | D:5      | Reached skill level 5 in Maces & Flails
  3580 | D:5      | Reached XP level 8. HP: 67/67 MP: 8/8
  3619 | D:5      | Found a snail-covered altar of Cheibriados.
  3657 | D:5      | Found a staircase to the Ecumenical Temple.
  3663 | Temple   | Entered the Ecumenical Temple
  3842 | D:5      | Noticed Eustachio
  3856 | D:5      | Killed Eustachio
  3913 | D:5      | Found a shattered altar of Ashenzari.
  3965 | D:5      | Noticed Grinder
  3986 | D:5      | Paralysed by Grinder for 3 turns
  4025 | D:5      | Paralysed by Grinder for 3 turns
  4037 | D:5      | Killed Grinder
  4037 | D:5      | Reached skill level 8 in Fighting
  4483 | D:5      | Reached skill level 5 in Dodging
  4833 | D:6      | Found Pohijiucha's Distillery.
  4838 | D:6      | Bought a potion of heal wounds for 70 gold pieces
  4838 | D:6      | Bought a potion of curing for 42 gold pieces
  4976 | D:6      | Found a runed door.
  5037 | D:6      | Noticed Crazy Yiuf
  5042 | D:6      | Killed Crazy Yiuf
  5122 | D:6      | Got a fine mace
  5123 | D:6      | Identified the +9 mace of Xexi {elec, rC- Int+2 Dex+2} (You found it on level 6 of the Dungeon)
  5187 | D:6      | Reached XP level 9. HP: 75/75 MP: 9/9
  5257 | D:6      | Found a hazy altar of Hepliaklqana.
  5273 | D:6      | Noticed Dowan
  5274 | D:6      | Noticed Duvessa
  5282 | D:6      | Killed Dowan
  5287 | D:6      | Killed Duvessa
  5353 | D:6      | Reached skill level 9 in Fighting
  5468 | D:6      | You fall through a shaft for 3 floors!
  5547 | D:9      | Found an ornate altar of the Wu Jian Council.
  5547 | D:9      | Found a basalt altar of Yredelemnul.
  5547 | D:9      | Found a deep blue altar of Sif Muna.
  5547 | D:9      | Noticed a centaur warrior
  5551 | D:9      | Killed a centaur warrior
  5563 | D:9      | Noticed Amciq's ghost (journeyman OpBe)
  5576 | D:9      | Killed Amciq's ghost
  5576 | D:9      | Reached skill level 10 in Fighting
  5576 | D:9      | Reached skill level 10 in Armour
  5576 | D:9      | Reached XP level 10. HP: 75/86 MP: 10/10
  5610 | D:9      | Noticed a death yak
  5612 | D:9      | Noticed a death yak
  5635 | D:9      | Killed a death yak
  5761 | D:9      | Found a staircase to the Lair.
  5761 | D:9      | Noticed a death yak
  5777 | D:9      | Killed a death yak
  5777 | D:9      | Reached skill level 11 in Fighting
  5777 | D:9      | Reached skill level 1 in Evocations
  5782 | D:9      | Killed a death yak
  6075 | D:9      | Noticed Prince Ribbit
  6533 | D:6      | Noticed Edmund
  6538 | D:6      | Killed Edmund
  6560 | D:6      | Noticed Sigmund
  6580 | D:6      | Killed Sigmund
  6580 | D:6      | Reached XP level 11. HP: 94/94 MP: 12/12
  6700 | D:6      | Found a deep blue altar of Sif Muna.
  7025 | D:7      | Reached **** piety under Trog
  7110 | D:7      | Gained mutation: Your mind is acute. (Int +2) [mutagenic meat]
  7219 | D:7      | Found a glowing silver altar of Zin.
  7796 | D:5      | Fell from the grace of Trog
  7796 | D:5      | Became a worshipper of Ashenzari the Shackled
  8288 | D:7      | Reached skill level 12 in Fighting
  8391 | D:8      | Noticed Kel's ghost (journeyman BaFi)
  8404 | D:8      | Killed Kel's ghost
  8471 | D:8      | Reached skill level 1 in Shields
  8610 | D:8      | Noticed a two-headed ogre
  8618 | D:8      | HP: 7/142 [two-headed ogre/giant club[the rage of Trog] (21)]
  8618 | D:8      | HP: 3/142 [polar bear[the rage of Trog] (4)]
  8618 | D:8      | Mangled by a polar bear

Vault maps used:
D:1:      ncdulo_lavacross, minivault_23
D:2:      kennysheep_big_flooded_room, lemuel_coloured_pillars_altar,
          uniq_terence
D:5:      kennysheep_slug_shrine, cheibrodos_ashenzari_chains,
          minmay_temple_entry_glassed_door, first_bread, portal_sewer_entry_d,
          uniq_grinder, uniq_eustachio, uniq_pikel
D:6:      kennysheep_orc_sif_temple, nicolae_overflow_crystal_walls,
          serial_shops, shop, sigmund_edmund_badplayer, uniq_crazy_yiuf_cottage,
          uniq_sigmund, uniq_duvessa
D:7:      kennysheep_little_box
D:9:      gammafunk_temple_overflow_forgotten, dpeg_lair_monsters, the_bakery,
          doesnt_xom_only_xom, uniq_prince_ribbit1
Temple:   eino_temple_lava

Skill      XL: |  1  2  3  4  5  6  7  8  9 10 11 |
---------------+----------------------------------+-----
Fighting       | 4 5 6 7 8 10 11 12 | 12.1
Armour         | 3 4 5 6 8 10 11 | 11.7
Maces & Flails | 4 5 7 8 |  8.1
Dodging        | 3 4 5 6 7 |  7.8
Evocations     | 2 3 |  3.6
Shields        | 1 |  1.0

Action                   |  1- 3 |  4- 6 |  7- 9 | 10-12 || total
-------------------------+-------+-------+-------+-------++-------
Melee: Mace              |    92 |   189 |   267 |   189 ||   737
Invok: Berserk           |     5 |     7 |    12 |     8 ||    32
       Burn Spellbooks   |     1 |       |       |       ||     1
       Trog's Hand       |       |     3 |    12 |    23 ||    38
       Curse Item        |       |       |       |     3 ||     3
       Brothers in Arms  |       |       |       |     2 ||     2
 Abil: Evoke Berserk Rag |       |       |       |     2 ||     2
  Use: Potion            |     1 |       |     1 |       ||     2
       Scroll            |       |       |     9 |     5 ||    14
 Stab: Sleeping          |     4 |     1 |       |       ||     5
  Eat: Chunk             |     5 |    15 |    18 |    19 ||    57
       Meat ration       |       |       |     1 |     2 ||     3
Armor: Animal skin       |    26 |    10 |       |       ||    36
       Scale mail        |       |    60 |    90 |       ||   150
       Plate armour      |       |       |     7 |   132 ||   139
Dodge: Dodged            |    76 |    98 |   168 |   125 ||   467
Block: Large shield      |       |       |       |    37 ||    37
